 Dungeon Crawl Stone Soup version 0.19-a0-1051-gdb7e7f8 (webtiles) character file.

1143 Rome the Ducker (level 8, -1/61 HPs)
             Began as a Human Chaos Knight on Aug 1, 2016.
             Slain by rastmirit's ghost (7 damage)
             ... on level 6 of the Dungeon on Aug 2, 2016.
             The game lasted 01:01:27 (6402 turns).

Rome the Ducker (Human Chaos Knight)                Turns: 6402, Time: 01:01:27

Health: -1/61      AC: 10    Str: 12    XL:     8   Next: 64%
Magic:  8/8        EV: 16    Int: 15    God:
Gold:   6          SH:  0    Dex: 19    Spells: 0 memorised, 7 levels left

rFire  + . .     SeeInvis .     r - +1 short sword (speed)
rCold  + . .     Gourm    .     b - +2 leather armour
rNeg   . . .     Faith    .     (no shield)
rPois  .         Spirit   .     (helmet restricted)
rElec  .         Dismiss  .     e - +2 cloak
rCorr  .         Reflect  .     (no gloves)
SustAt .         Harm     .     (no boots)
MR     .....                    (no amulet)
Stlth  +++.......               (no ring)
                                (no ring)

@: drained, not resistant to hostile enchantments, fairly stealthy
A: horns 1, thin skeletal structure 1, yellow scales 1, agile 1, clever 1, cold
resistance 1, fire resistance 1, sense surroundings 1, regeneration 1
a: no special abilities


You were on level 6 of the Dungeon.
You were not hungry.

You visited 2 branches of the dungeon, and saw 7 of its levels.
You also visited: Sewer.

You collected 285 gold pieces.
You spent 279 gold pieces at shops.

Inventory:

Hand Weapons
 a - a +0 spear of chaos
 j - a +0 longbow
 r - a +1 short sword of speed (weapon)
Missiles
 q - 44 arrows
Armour
 b - a +2 leather armour (worn)
 e - a +2 cloak (worn)
Jewellery
 s - a +1 ring of protection
Scrolls
 c - 2 scrolls of teleportation
 d - 7 scrolls of identify
 g - a scroll of blinking
 k - 3 scrolls of recharging
 n - a scroll of fog {unknown}
 p - 2 scrolls of remove curse
Potions
 m - a potion of flight
Miscellaneous
 u - a disc of storms
Comestibles
 f - 3 beef jerkies
 h - 2 meat rations
 i - 10 royal jellies
 o - a slice of pizza
 t - a bread ration


   Skills:
 + Level 4.8(4.7) Fighting
 + Level 1.2(1.0) Short Blades
 + Level 4.9(4.8) Polearms
 + Level 0.8(0.6) Throwing
 + Level 4.3(4.1) Armour
 + Level 5.8(5.7) Dodging
 + Level 2.9(2.7) Stealth


You had 7 spell levels left.
You didn't know any spells.

Dungeon Overview and Level Annotations

Branches:
Dungeon (6/15)             Temple (1/1) D:4

Altars:
Ashenzari
Cheibriados
Dithmenos
Elyvilon
Fedhas
Gozag
Makhleb
Nemelex Xobeh
Qazlal
Ru
Sif Muna
Uskayaw
Vehumet
Xom
Yredelemnul

Shops:
D:5 *!}*=

Annotations:
D:6 rastmirit's ghost, novice SpBe


Innate Abilities, Weirdness & Mutations

You have a pair of small horns on your head.
You have a somewhat thin skeletal structure. (Dex +2, Stealth)
You are partially covered in yellow scales. (AC +2)
You are agile. (Dex +2)
Your mind is acute. (Int +2)
Your flesh is cold resistant. (rC+)
Your flesh is heat resistant. (rF+)
You passively map a small area around you.
Your natural rate of healing is unusually fast.


Message History

* * * LOW HITPOINT WARNING * * *
The jackal barely misses you.
You miss rastmirit's ghost. Your headbutt misses rastmirit's ghost.
Rastmirit's ghost is moderately damaged.
The jackal completely misses you. The jackal closely misses you.
You barely miss rastmirit's ghost.
Rastmirit's ghost is moderately damaged.
Rastmirit's ghost hits you!
* * * LOW HITPOINT WARNING * * *
The jackal closely misses you. The jackal barely misses you.
You closely miss rastmirit's ghost.
Rastmirit's ghost is moderately damaged.
The jackal completely misses you. Rastmirit's ghost closely misses you.
The jackal misses you.
You hit rastmirit's ghost but do no damage.
Rastmirit's ghost is moderately damaged.
The jackal closely misses you. The jackal misses you.
Rastmirit's ghost hits you!
You die...
Xom titters!

* *# ,* .##. * ....##
......#############
.......((.(...oh..#########
........(.(.(.cW@.........#
..........#.#.#h#.#.#.#.#.#
.............#.......#....#
.......o.o..#.#.#...#.#.#.#
.......................#..# *##
..............#.#.#...#.#.#
###.#
...........##.....#(......###..#
...........####.#.##....#.##..##
...........# #............#..##


You could see a centaur, rastmirit's ghost, an orc and 2 jackals.

Vanquished Creatures
  Grinder (D:5)
  Menkaure (D:4)
  A sky beast (D:5)
  A phantom (D:5)
  A giant frog (D:6)
  A giant frog zombie (D:6)
  2 orc priests (D:4)
  A hound (D:3)
  A giant frog skeleton (D:4)
  2 orc wizards (D:4)
  2 worker ants
  6 adders
  A river rat (shapeshifter) (D:4)
  2 oozes
  An adder zombie (D:5)
  2 adder skeletons (D:4)
  A worm (D:2)
  2 dart slugs
  7 giant geckos
  8 orcs
  10 bats
  8 giant cockroaches
  12 goblins
  3 hobgoblins (D:1)
  4 jackals
  A ball python (D:1)
  2 giant newts
  10 kobolds
  A rat (shapeshifter) (D:4)
  6 rats
101 creatures vanquished.

Vanquished Creatures (collateral kills)
  Eustachio (D:4)
  A black bear (D:3)
  An orc priest (D:3)
  An adder skeleton (D:4)
  2 orcs (D:3)
6 creatures vanquished.

Grand Total: 107 creatures vanquished

Notes
Turn   | Place    | Note
-------+----------+-------------------------------------------
     0 | D:1      | Rome the Human Chaos Knight began the quest for the Orb.
     0 | D:1      | Reached XP level 1. HP: 18/18 MP: 1/1
   105 | D:1      | XOM: divination: detect items
   365 | D:1      | Reached XP level 2. HP: 24/24 MP: 2/2
   407 | D:1      | XOM: cast spell 'Ring of Flames'
   488 | D:1      | XOM is BORED!
   488 | D:1      | XOM: draining
   720 | D:1      | XOM: mild Air miscast
   723 | D:1      | XOM: scenery: 1 doors open
   757 | D:1      | XOM: give mutations
   757 | D:1      | Gained mutation: You have a somewhat thin skeletal structure. (Dex +2, Stealth) [Xom's grace]
   757 | D:1      | Gained mutation: You are agile. (Dex +2) [Xom's grace]
   760 | D:1      | Reached XP level 3. HP: 18/29 MP: 3/3
  1041 | D:1      | XOM: scenery: create altars
  1062 | D:1      | XOM: god gift: glowing cloak {god gift}
  1373 | D:2      | XOM: scenery: create altars
  1486 | D:2      | Found a white marble altar of Elyvilon.
  1728 | D:2      | Xom revived you
  1746 | D:2      | Reached XP level 4. HP: 10/35 MP: 4/4
  1748 | D:2      | XOM: god gift: scroll labeled MUYSAF DOTAGH {god gift}
  2040 | D:2      | XOM: cloud trail
  2152 | D:3      | XOM: god gift: 23 stones
  2236 | D:3      | Noticed a black bear
  2237 | D:3      | XOM: enchant monster (good)
  2242 | D:3      | XOM: scenery: create altars
  2295 | D:3      | XOM: summons friendly quasit
  2328 | D:3      | Killed a black bear
  2328 | D:3      | Reached skill level 2 in Dodging
  2328 | D:3      | Reached skill level 1 in Stealth
  2328 | D:3      | Reached XP level 5. HP: 23/41 MP: 5/5
  2481 | D:3      | XOM: polymorph quasit -> iron imp
  2683 | D:3      | XOM: god gift: scroll of recharging
  2814 | D:3      | Reached skill level 3 in Dodging
  2881 | D:3      | XOM: 3-stop teleportation journey
  2899 | D:3      | Reached XP level 6. HP: 33/47 MP: 6/6
  3120 | D:3      | XOM: god gift: 46 gold pieces
  3179 | D:3      | XOM: scenery: create altars
  3368 | D:3      | XOM: cloud trail
  3457 | D:4      | Noticed Menkaure
  3462 | D:4      | XOM: butterfly on damage
  3510 | D:4      | XOM: cast spell 'Summon Butterflies'
  3522 | D:4      | XOM: enchant monster (good)
  3533 | D:4      | Killed Menkaure
  3627 | D:4      | XOM: god gift: beef jerky
  3671 | D:4      | XOM: 2-stop teleportation journey
  3716 | D:4      | XOM: give mutations
  3716 | D:4      | Gained mutation: Your natural rate of healing is unusually fast. [Xom's grace]
  3716 | D:4      | Gained mutation: You have a pair of small horns on your head. [Xom's grace]
  3782 | D:4      | Found a glowing drain.
  3818 | Sewer    | Entered a sewer
  3952 | D:4      | Reached skill level 4 in Dodging
  3952 | D:4      | Reached XP level 7. HP: 53/53 MP: 7/7
  3999 | D:4      | XOM: god gift: 13 royal jellies
  4009 | D:4      | XOM: give mutations
  4009 | D:4      | Gained mutation: You passively map a small area around you. [Xom's grace]
  4009 | D:4      | Gained mutation: You are partially covered in yellow scales. (AC +2) [Xom's grace]
  4055 | D:4      | Noticed Eustachio
  4058 | D:4      | XOM: cleaving
  4060 | D:4      | XOM: cast spell 'Summon Horrible Things'
  4064 | D:4      | Killed Eustachio
  4117 | D:4      | Found a staircase to the Ecumenical Temple.
  4130 | Temple   | Entered the Ecumenical Temple
  4337 | D:4      | XOM: give mutations
  4337 | D:4      | Gained mutation: Your mind is acute. (Int +2) [Xom's grace]
  4337 | D:4      | Gained mutation: Your flesh is cold resistant. (rC+) [Xom's grace]
  4337 | D:4      | Gained mutation: Your flesh is heat resistant. (rF+) [Xom's grace]
  4403 | D:4      | XOM: scenery: create altars
  4485 | D:4      | XOM: polymorph quokka -> dart slug
  4515 | D:4      | XOM: polymorph orc -> ball python
  4538 | D:4      | XOM: scenery: create altars
  4777 | D:4      | XOM: god gift: scroll labeled ATEMY KANE {god gift}
  4809 | D:4      | Fell from the grace of Xom
  4904 | D:4      | XOM: mild Divn miscast
  5257 | D:5      | Entered Level 5 of the Dungeon
  5329 | D:5      | Found Cafuox's Gadget Boutique.
  5332 | D:5      | Upgraded the game from 0.19-a0-1050-g8e71ee3 to 0.19-a0-1051-gdb7e7f8
  5462 | D:5      | Found Meweme's Jewellery Boutique.
  5468 | D:5      | Bought a +1 ring of protection for 39 gold pieces
  5506 | D:5      | Found Gubyref's Assorted Antiques.
  5544 | D:5      | XOM: torment (29/55 hp)
  5622 | D:5      | Noticed Grinder
  5631 | D:5      | Paralysed by Grinder for 4 turns
  5647 | D:5      | Killed Grinder
  5647 | D:5      | Reached skill level 5 in Dodging
  5647 | D:5      | Reached XP level 8. HP: 34/61 MP: 8/8
  5753 | D:5      | Found Duteut's General Store.
  5809 | D:5      | Found Caxt's Distillery.
  5838 | D:5      | XOM: draining
  6026 | D:5      | Found a shadowy altar of Dithmenos.
  6134 | D:5      | Bought a disc of storms for 240 gold pieces
  6185 | D:6      | Reached skill level 1 in Short Blades
  6220 | D:6      | XOM: enchant monster (good)
  6334 | D:6      | Noticed rastmirit's ghost (novice SpBe)
  6402 | D:6      | Slain by rastmirit's ghost

Vault maps used:
D:1:      elethiomel_arrival_shortcut
D:2:      lemuel_crystal_altar, first_bread, minivault_25
D:4:      lemuel_upstairs_altar, portal_sewer_entry_f, st_stairs_7, minivault_4,
          feat_on_display, uniq_eustachio, uniq_menkaure
D:5:      serial_shops, shop, shop, shop, nicolae_shop_statue_plus,
          kennysheep_mini, grunt_dithmenos_shadows, uniq_grinder
D:6:      serial_shops, nicolae_shop_waterfront, hangedman_decor_riveting
Temple:   eino_temple_lava
Sewer:    sewer_co_15_rooms

Skill      XL: |  1  2  3  4  5  6  7  8 |
---------------+-------------------------+-----
Armour         | 3 4 |  4.3
Dodging        | 2 3 4 5 |  5.8
Stealth        | 1 2 |  2.9
Fighting       | 4 |  4.8
Polearms       | 4 |  4.9
Short Blades   | 1 |  1.2
Throwing       | |  0.8

Action                   |  1- 3 |  4- 6 |  7- 9 || total
-------------------------+-------+-------+-------++-------
Melee: Spear             |    96 |   167 |    82 ||   345
       Headbutt          |       |     6 |    40 ||    46
       Short sword       |       |       |   169 ||   169
Throw: Throwing net      |     2 |     3 |       ||     5
Invok: Renounce Religion |       |       |     1 ||     1
  Use: Potion            |     2 |     3 |     2 ||     7
       Scroll            |     4 |     2 |       ||     6
 Stab: Held in net/web   |     1 |     1 |       ||     2
       Sleeping          |       |     4 |     1 ||     5
       Paralysed         |       |     1 |       ||     1
       Distracted        |       |       |     1 ||     1
  Eat: Bread ration      |     1 |     1 |       ||     2
       Meat ration       |       |     1 |       ||     1
       Royal jelly       |       |       |     3 ||     3
Armor: Leather armour    |    48 |    61 |   102 ||   211
Dodge: Dodged            |    70 |   136 |   212 ||   418
